 Dungeon Crawl Stone Soup version 0.30.1-9-gdf580d7c3d (webtiles) character file.

Game seed: 3165130416894755665

16317 ChiefBigBeans the Carver (level 12, -9/112 HPs)
             Began as a Hill Orc Fighter on Sept 26, 2023.
             Was an Elder of Beogh.
             Mangled by a two-headed ogre
             ... wielding a +0 giant club
              (16 damage)
             ... on level 12 of the Dungeon.
             The game lasted 00:27:07 (10691 turns).

ChiefBigBeans the Carver (Hill Orc Fighter)        Turns: 10691, Time: 00:27:07

Health: -9/112     AC: 20    Str: 24    XL:     12   Next: 36%
Magic:  12/12      EV: 10    Int: 11    God:    Beogh [****..]
Gold:   378        SH:  6    Dex: 15    Spells: 11/11 levels left

rFire   . . .        B - +7 long sword "Murchiymue" {flame, +Blink rPois Int+3 Dex+3}
rCold   x . .        c - +0 buckler
rNeg    + + .        v - +1 leather armour of Inat {rC- rN++ Str+2 SInv}
rPois   +            s - +2 helmet
rElec   .            n - +1 cloak
rCorr   .            C - +3 pair of gauntlets of War {Slay+5}
SInv    +            (no boots)
Will    .....        (no amulet)
Stlth   +            r - +4 ring of protection
HPRegen 0.38/turn    A - ring of flight
MPRegen 0.13/turn

%: no passive effects
@: flying
A: iridescent scales 1, deformed body, wild magic 1
a: Renounce Religion, Evoke Blink, Smiting, Recall Orcish Followers


You were on level 12 of the Dungeon.
You worshipped Beogh.
Beogh was greatly pleased with you.
You visited 1 branch of the dungeon, and saw 12 of its levels.
You also visited: Ossuary.

You collected 900 gold pieces.
You spent 522 gold pieces at shops.

Inventory:

Hand Weapons
 B - the +7 long sword "Murchiymue" (weapon) {flame, +Blink rPois Int+3 Dex+3}
   (You found it on level 5 of the Dungeon)

   Int:       It affects your intelligence (+3).
   Dex:       It affects your dexterity (+3).
   rPois:     It protects you from poison.
   +Blink:    It lets you blink.
Missiles
 f - 4 throwing nets (quivered)
Armour
 c - a +0 buckler (worn)
 n - a +1 cloak (worn)
 s - a +2 helmet (worn)
 v - the +1 leather armour of Inat (worn) {rC- rN++ Str+2 SInv}
   (You found it on level 6 of the Dungeon)

   Str:       It affects your strength (+2).
   rC:        It makes you vulnerable to cold.
   rN:        It greatly protects you from negative energy.
   SInv:      It lets you see invisible.
 C - the +3 pair of gauntlets of War (worn) {Slay+5}
   (You bought it in a shop on level 4 of the Dungeon)

   Slay:      It affects your accuracy & damage with ranged weapons and melee
   (+5).
Jewellery
 r - a +4 ring of protection (left hand)
 u - an amulet of regeneration
 A - a ring of flight (right hand)
Wands
 b - a wand of polymorph (1)
 k - a wand of acid (2)
 m - a wand of flame (4)
 p - a wand of iceblast (20)
 q - a wand of digging (4)
 w - a wand of charming (17)
Scrolls
 e - a scroll of teleportation
 g - 19 scrolls of identify
 l - a scroll of amnesia
 o - a scroll of magic mapping
 t - a scroll of vulnerability
Potions
 a - a potion of heal wounds
 d - a potion of might
 h - a potion of invisibility
 i - 3 potions of magic
 j - 4 potions of curing
 x - 2 potions of resistance
 z - a potion of berserk rage


   Skills:
 + Level 11.8 Fighting
 + Level 12.4 Long Blades
 - Level 9.7 Axes
 + Level 9.4 Armour
 + Level 9.4 Shields


You had 11 spell levels left.
You didn't know any spells.
Your spell library contained the following spells:

 Spells                   Type           Power      Damage    Failure   Level
 Freeze                   Ice            0%         1d3       50%         1
 Sandblast                Erth           0%         2d4       50%         1
 Blink                    Tloc           0%         N/A       65%         2
 Cigotuvi's Dreadful Rot  Necr/Pois/Air  0%         N/A       65%         2
 Ensorcelled Hibernation  Hex/Ice        0%         N/A       65%         2
 Passwall                 Tmut/Erth      0%         N/A       65%         2
 Sublimation of Blood     Necr           0%         N/A       65%         2
 Frozen Ramparts          Ice            0%         1d1       86%         3
 Gell's Gravitas          Tloc           0%         N/A       86%         3
 Hailstorm                Conj/Ice       0%         3d3       86%         3
 Ignite Poison            Fire/Tmut/Pois 0%         N/A       86%         3
 Stone Arrow              Conj/Erth      0%         3d7       86%         3
 Swiftness                Air            0%         N/A       86%         3
 Teleport Other           Tloc           0%         N/A       86%         3
 Manifold Assault         Tloc           0%         N/A       99%         4
 Passage of Golubria      Tloc           0%         N/A       99%         4
 Petrify                  Tmut/Erth      0%         N/A       99%         4
 Freezing Cloud           Conj/Ice/Air   0%         6-21      100%        5
 Irradiate                Conj/Tmut      0%         3d11      100%        5
 Silence                  Hex/Air        0%         N/A       100%        5
 Summon Forest            Summ/Tloc      0%         N/A       100%        5
 Summon Mana Viper        Hex/Summ       0%         N/A       100%        5
 Dispersal                Tloc           0%         N/A       100%        6
 Summon Cactus Giant      Summ           0%         N/A       100%        6
 Storm Form               Tmut/Air       0%         N/A       100%        7
 Lehudib's Crystal Spear  Conj/Erth      0%         10d2      100%        8


Dungeon Overview and Level Annotations

Branches:
Dungeon (12/15)            Temple (0/1) D:7         Ossuary (visited)
   Lair: D:8-11         Orc: D:9-12

Altars:
Ashenzari
Cheibriados
Fedhas
Gozag
Hepliaklqana
Kikubaaqudgha
Makhleb
Sif Muna
Trog
Vehumet
Wu Jian
Xom
The Shining One

Shops:
D:4 [

Annotations:
D:8 2 transporters, Babbit's ghost, novice MiFi


Innate Abilities, Weirdness & Mutations

You are partially covered in iridescent scales. (AC +2)
Armour fits poorly on your strangely shaped body.
Your spells are a little harder to cast, but a little more powerful.


Message History

The troll misses you. The troll claws you but does no damage.
The skeletal warrior hits you with a +0 mace!
Your orc barely misses the troll.
Your orc barely misses the wraith.
Your orc hits the two-headed ogre with a +0 hand axe.
Your orc barely misses the killer bee.
The wraith hits you but does no damage.
The orc wizard gestures wildly while chanting.
The orc wizard flickers and vanishes for a moment.
The killer bee stings your orc.
You fly downwards.
There is a stone staircase leading up here.
Things that are here:
a +0 robe; a +0 dagger; an orc corpse You slice the two-headed ogre!!
You burn the two-headed ogre.
The two-headed ogre is heavily wounded.
The wraith hits you but does no damage.
The skeletal warrior hits you with a +0 mace!
The two-headed ogre hits you with a +0 giant club!
The two-headed ogre hits you with a +0 giant spiked club.
The troll bites you but does no damage. The troll claws you but does no damage.
You block the troll's attack.
You barely miss the two-headed ogre.
The two-headed ogre is heavily wounded.
The troll bites you. The troll claws you! The troll closely misses you.
The wraith hits you.
You block the skeletal warrior's attack.
You block the two-headed ogre's attack.
The two-headed ogre hits you but does no damage.
You hit the two-headed ogre. You burn the two-headed ogre.
The two-headed ogre is heavily wounded.
The wraith hits you. The troll bites you! The troll claws you!
* * * LOW HITPOINT WARNING * * *
The troll closely misses you.
The skeletal warrior hits you but does no damage.
You slash the two-headed ogre! You burn the two-headed ogre.
The two-headed ogre is severely wounded.
The skeletal warrior hits you with a +0 mace!!
* * * LOW HITPOINT WARNING * * *
You block the two-headed ogre's attack.
The two-headed ogre hits you with a +0 giant spiked club!
You die...

#####+####
#.........
#.........
#..T......
#O@.......
#zW.......
##########


You could see a skeletal warrior, a two-headed ogre, a troll and a wraith.

Vanquished Creatures
  Josephine (D:10)
  Harold (D:10)
  A boulder beetle (D:11)
  4 two-headed ogres
  Amaemon (D:10)
  Maurice (D:9)
  An orange demon (D:10)
  A gargoyle (D:11)
  4 kobold demonologists
  3 trolls
  Grinder (D:4)
  A hornet (D:9)
  4 wraiths (D:9)
  22 yaks
  A basilisk (D:12)
  2 vampire mosquitoes (D:10)
  An acid dragon (D:9)
  4 water moccasins
  Duvessa (D:6)
  5 orc warriors
  2 ice beasts
  A sky beast (D:7)
  An ogre (D:6)
  5 centaurs
  A phantom (D:5)
  3 kobold brigands
  A bullfrog (D:8)
  Blork the orc (D:4)
  A gnoll sergeant (D:8)
  3 scorpions
  8 wights
  Dowan (D:6)
  A killer bee (D:8)
  7 howler monkeys
  5 hounds
  A jelly (D:7)
  4 orc priests
  Crazy Yiuf (D:3)
  A sleepcap (D:6)
  Jessica (D:3)
  Terence (D:3)
  A gnoll bouda (D:8)
  4 iguanas
  5 orc wizards
  Natasha (thrice) (D:2)
  2 mummies (Ossuary)
  10 adders
  6 gnolls
  3 shadow imps
  2 white imps
  A worm (D:5)
  4 dart slugs
  35 orcs
  10 ball pythons
  7 endoplasms
  2 giant cockroaches (D:1)
  A gnoll zombie (Ossuary)
  17 goblins
  17 hobgoblins
  4 jackals (D:2)
  3 quokkas
  3 bats
  10 frilled lizards
  3 goblin zombies (Ossuary)
  2 hobgoblin zombies (Ossuary)
  23 kobolds
  8 orc zombies (Ossuary)
  6 rats
302 creatures vanquished.

Vanquished Creatures (collateral kills)
  Urug (D:10)
  A yak (D:9)
  An orc priest (D:10)
  An orc (D:10)
4 creatures vanquished.

Vanquished Creatures (others)
  An orc warrior (D:10)
  2 wights (D:6)
  4 orc priests
  2 orc wizards
  11 orcs
20 creatures vanquished.

Grand Total: 326 creatures vanquished

Notes
Turn   | Place    | Note
-------+----------+-------------------------------------------
     0 | D:1      | ChiefBigBeans the Hill Orc Fighter began the quest for the
                  | Orb.
     0 | D:1      | Reached XP level 1. HP: 19/19 MP: 1/1
   181 | D:1      | Reached XP level 2. HP: 21/27 MP: 2/2
   670 | D:1      | Found a faded altar of an unknown god.
   750 | D:2      | Reached XP level 3. HP: 34/34 MP: 3/3
   751 | D:2      | Found a bloodstained altar of Trog.
   955 | D:2      | Noticed Natasha
   961 | D:2      | Killed Natasha
  1007 | D:2      | Reached XP level 4. HP: 27/41 MP: 4/4
  1174 | D:2      | Reached skill level 5 in Fighting
  1272 | D:2      | Noticed Natasha
  1282 | D:2      | Killed Natasha
  1283 | D:2      | Reached skill level 5 in Axes
  1298 | D:2      | Noticed Natasha
  1301 | D:2      | Killed Natasha
  1302 | D:2      | Reached XP level 5. HP: 36/48 MP: 5/5
  1847 | D:3      | Noticed Jessica
  1851 | D:3      | Killed Jessica
  2023 | D:3      | Found a runed translucent door.
  2024 | D:3      | Noticed Crazy Yiuf
  2031 | D:3      | Killed Crazy Yiuf
  2157 | D:3      | Reached XP level 6. HP: 57/57 MP: 6/6
  2628 | D:3      | Noticed Terence
  2640 | D:3      | Killed Terence
  2847 | D:4      | Found Agenloy's Armour Boutique.
  3063 | D:4      | Noticed Blork the orc
  3079 | D:4      | Killed Blork the orc
  3382 | D:4      | Reached XP level 7. HP: 60/66 MP: 7/7
  3452 | D:4      | Gained mutation: You are partially covered in iridescent
                  | scales. (AC +2) [potion of mutation]
  3452 | D:4      | Gained mutation: Armour fits poorly on your strangely
                  | shaped body. [potion of mutation]
  3452 | D:4      | Gained mutation: Your spells are a little harder to cast,
                  | but a little more powerful. [potion of mutation]
  3753 | D:4      | Noticed Grinder
  3794 | D:4      | Killed Grinder
  3952 | D:4      | Found a broken altar of Ashenzari.
  3954 | D:4      | Found a snail-covered altar of Cheibriados.
  3954 | D:4      | Found a radiant altar of Vehumet.
  3954 | D:4      | Found a shimmering blue altar of Sif Muna.
  3954 | D:4      | Found a burning altar of Makhleb.
  3954 | D:4      | Found an ornate altar of the Wu Jian Council.
  3985 | D:4      | Found a blossoming altar of Fedhas.
  3986 | D:4      | You fall into a shaft and drop 3 floors!
  4035 | D:7      | Reached XP level 8. HP: 71/74 MP: 8/8
  4146 | D:6      | Became a worshipper of Beogh the Brigand
  4171 | D:6      | Found a sand-covered staircase.
  4308 | Ossuary  | Entered an ossuary
  4604 | D:6      | Reached * piety under Beogh
  4605 | D:6      | Reached skill level 5 in Armour
  4605 | D:6      | Reached skill level 5 in Shields
  4786 | D:6      | Identified the +1 leather armour of Inat {rC- rN++ Str+2
                  | SInv}
  4847 | D:6      | Noticed Duvessa
  4847 | D:6      | Noticed Dowan
  4866 | D:6      | Killed Duvessa
  4875 | D:6      | Killed Dowan
  4938 | D:5      | Entered Level 5 of the Dungeon
  5242 | D:5      | Reached XP level 9. HP: 80/82 MP: 9/9
  5550 | D:5      | Identified the +7 long sword "Murchiymue" {flame, +Blink
                  | rPois Int+3 Dex+3}
  5635 | D:5      | Found a glowing golden altar of the Shining One.
  5802 | D:6      | Reached skill level 1 in Long Blades
  5985 | D:4      | Bought the +3 pair of gauntlets of War {Slay+5} for 522
                  | gold pieces
  5985 | D:4      | Found the +3 pair of gauntlets of War {Slay+5}
  6041 | D:7      | Reached skill level 2 in Long Blades
  6050 | D:7      | Found a staircase to the Ecumenical Temple.
  6055 | D:7      | Reached skill level 3 in Long Blades
  6373 | D:8      | Reached skill level 4 in Long Blades
  6426 | D:8      | Noticed a two-headed ogre
  6430 | D:8      | Noticed an entropy weaver
  6430 | D:8      | Found a transporter.
  6474 | D:8      | Noticed a two-headed ogre
  6484 | D:8      | Reached skill level 5 in Long Blades
  6492 | D:8      | Killed a two-headed ogre
  6493 | D:8      | Reached skill level 7 in Long Blades
  6519 | D:8      | Reached ** piety under Beogh
  6522 | D:8      | Reached skill level 8 in Long Blades
  6522 | D:8      | Reached XP level 10. HP: 41/90 MP: 10/10
  6535 | D:8      | Reached skill level 9 in Long Blades
  6921 | D:8      | Killed a two-headed ogre
  6922 | D:8      | Reached skill level 10 in Long Blades
  7078 | D:8      | Found a transporter.
  7081 | D:8      | Noticed a shock serpent
  7085 | D:8      | Noticed Babbit's ghost (novice MiFi)
  7090 | D:8      | a shock serpent changed into a slime creature
  7113 | D:8      | Found a shimmering altar of Xom.
  7119 | D:8      | Found a hazy altar of Hepliaklqana.
  7120 | D:8      | Noticed a spectral ugly thing
  7181 | D:8      | Noticed a wolf spider
  7186 | D:8      | a wolf spider changed into a swamp worm
  7212 | D:8      | Noticed a manticore
  7214 | D:8      | a manticore changed into an eye of devastation
  7214 | D:8      | Noticed an eye of devastation (shapeshifter)
  7611 | D:8      | Noticed a fire crab
  7667 | D:8      | Noticed a death drake
  7676 | D:8      | a death drake changed into a deep troll
  7676 | D:8      | Noticed a deep troll (shapeshifter)
  7786 | D:9      | Noticed Maurice
  7794 | D:9      | Killed Maurice
  8026 | D:9      | Noticed a kobold demonologist
  8028 | D:9      | Noticed an orange demon
  8028 | D:9      | Noticed a kobold demonologist
  8213 | D:9      | Killed a kobold demonologist
  8215 | D:9      | Noticed a kobold demonologist
  8230 | D:9      | Noticed a smoke demon
  8236 | D:9      | Noticed a sun demon
  8472 | D:9      | Reached *** piety under Beogh
  8485 | D:9      | Reached XP level 11. HP: 68/99 MP: 11/11
  8495 | D:9      | Reached skill level 11 in Long Blades
  8802 | D:9      | Reached skill level 10 in Fighting
  9142 | D:10     | Entered Level 10 of the Dungeon
  9149 | D:10     | Noticed a two-headed ogre
  9158 | D:10     | Killed a two-headed ogre
  9229 | D:10     | Found an opulent altar of Gozag.
  9251 | D:10     | Noticed a two-headed ogre
  9260 | D:10     | Killed a two-headed ogre
  9298 | D:10     | Noticed Amaemon
  9318 | D:10     | Killed Amaemon
  9411 | D:10     | Noticed Harold
  9429 | D:10     | Killed Harold
  9742 | D:10     | Reached skill level 12 in Long Blades
  9844 | D:10     | Reached XP level 12. HP: 110/110 MP: 12/12
  9982 | D:10     | Reached **** piety under Beogh
  9987 | D:10     | Found a burning altar of Makhleb.
 10012 | D:10     | Noticed Urug
 10021 | D:10     | Killed Urug
 10275 | D:10     | Noticed Josephine
 10428 | D:10     | Killed Josephine
 10507 | D:11     | Noticed a boulder beetle
 10517 | D:11     | Noticed a two-headed ogre
 10520 | D:11     | Noticed a boulder beetle
 10529 | D:11     | Killed a boulder beetle
 10543 | D:11     | Found a shimmering altar of Xom.
 10543 | D:11     | Found an ancient bone altar of Kikubaaqudgha.
 10691 | D:12     | Mangled by a two-headed ogre

Illustrated notes

Levels and vault maps discovered:
D:1:      minmay_arrival_radiant_lines, layout_loops_ring,
          shapermc_ecumenical_altar_hornbeckon
D:2:      layout_basic, basic_altar, minmay_lizard_pond, uniq_natasha
D:3:      minmay_general_purpose_star, layout_loops_cross,
          uniq_crazy_yiuf_cottage, uniq_jessica, uniq_terence
D:4:      corexii_shantytown, layout_loops_corners, grunt_temple_overflow_open,
          serial_shops, shop, kennysheep_nub, wad_orctagon, uniq_blork_the_orc,
          uniq_grinder, uniq_menkaure
D:5:      layout_cave_pools, tso_altar
D:6:      layout_rooms, nicolae_ossuary_entry_plus, kennysheep_generic_room_13,
          uniq_duvessa
D:7:      layout_rooms, minmay_temple_entry_mist, reono_crystal_passage,
          hangedman_decor_opposing
D:8:      layout_cave_pools, regret_index_temple_of_mockery,
          gammafunk_ghost_arena, kennysheep_kite_vault
D:9:      layout_gridville, uniq_maurice
D:10:     layout_small_grid, grunt_gozag_breadcrumbs, serial_glass,
          glass_columns_c, glass_columns_a, minmay_crystal_water,
          solitary_fountain, david_defended_altar_orc, uniq_amaemon,
          uniq_harold, uniq_urug, uniq_josephine
D:11:     minmay_the_grid_octo_tiled_squarecenter_mashed
          [minmay_the_grid_octo_concentric, minmay_the_grid_octo_fat_diamond,
          minmay_the_grid_octo_shrine, minmay_the_grid_octo_focus,
          minmay_the_grid_square_5x5_megaprize_hollow,
          minmay_the_grid_square_5x5_minivault,
          minmay_the_grid_square_5x5_sharp_hourglass,
          minmay_the_grid_square_5x5_inset, minmay_the_grid_square_5x5_two],
          layout_small_grid, orc_david_3, serial_undead, serial_undead_c,
          serial_undead_d, serial_undead_b, serial_undead_a
D:12:     layout_basic, ebering_ghost_inner_flame, serial_shops, shop,
          grunt_ministairs_2, lightli_elemental_guards

Skill      XL: |  1  2  3  4  5  6  7  8  9 10 11 12 |
---------------+-------------------------------------+-----
Axes           | 3 4 5 7 8 9 |  9.7
Fighting       | 4 5 6 7 8 9 11 | 11.8
Armour         | 5 6 8 9 |  9.4
Shields        | 5 6 8 9 |  9.4
Long Blades    | 8 10 12 | 12.4

Action                     |  1- 3 |  4- 6 |  7- 9 | 10-12 || total
---------------------------+-------+-------+-------+-------++-------
  Melee: War axe           |    79 |   180 |   146 |       ||   405
         Hand axe          |       |       |   203 |       ||   203
         Long sword        |       |       |    50 |   363 ||   413
 Invoke: Convert to Beogh  |       |       |     1 |       ||     1
    Use: Scroll            |       |     7 |     4 |    11 ||    22
         Potion            |       |     3 |     6 |     2 ||    11
   Stab: Sleeping          |       |       |       |     1 ||     1
 Armour: Scale mail        |    59 |    96 |   113 |       ||   268
         Leather armour    |       |       |    75 |   251 ||   326
         Skin              |       |       |     8 |       ||     8
  Dodge: Dodged            |    46 |    77 |   166 |   188 ||   477
  Block: Buckler           |    23 |    32 |    91 |   124 ||   270
